woodfighter, chaotic female orcish Cavewoman ------- ------- ----- |^....| |......#############################.....# |>....| |.....| # #|...|% |k.d. |.....-##### #%<..|# -@- |.....| # ------------- ###|...|# # |.....| ### +`.........`| # #|...|# ### |.....| # |.....*.....-## #-----### # --.-.-- #%# |...-----...| ############## # #### ## |...|.{.|...| ### # -----|-- # ###### |..`.{.{|`..| [ ##-......| ###### # # |...|.{.|...| ### |......| -------------.-### ##....-----...| # |......| |.............+# |..%..`.....| ###|......| |...........*.| |`......[..`| #.......| |.............| ------------- |......| --------------- -------- woodfighter the Young Cave Woman Experience level: 6 Strength: 14 Dexterity: 13 Constitution: 18 Intelligence: 10 Wisdom: 11 Charisma: 10 Health: 0(40) Energy: 22(22) Def: 2 Gold: 0 Moves: 3307 Dungeon seed: ddcrLiASPJGpNwdg Game ID: woodfighter_1498982911 Your Inventory: Weapons a - a +1 club (weapon in hand) b - a +2 sling (alternate weapon; not wielded) Armor n - an uncursed +0 oilskin cloak q - an uncursed +0 leather armor (being worn) r - an uncursed +0 alchemy smock y - a cursed -4 pair of fumble boots z - an uncursed +0 small shield S - an uncursed +0 dwarvish cloak Y - an uncursed +0 mummy wrapping Comestibles i - an uncursed food ration k - an uncursed cram ration Wands l - a wand of enlightenment (0:12) D - a wand of teleportation (0:7) Tools s - an uncursed sack x - a magic marker (0:43) T - a +0 pick-axe Gems e - 12 uncursed flints (in quiver) Contents of the sack: 1293 gold pieces a [uncursed] eucalyptus leaf 2 [uncursed] scrolls of blank paper 2 [uncursed] scrolls of destroy armor a [blessed] scroll of enchant armor a [cursed] scroll of fire 2 [cursed] scrolls of identify a [uncursed] scroll of light a [uncursed] scroll of taming a [uncursed] spellbook of fireball a [uncursed] potion of confusion a [uncursed] potion of extra healing 2 [uncursed] potions of gain energy a [blessed] potion of hallucination 2 [uncursed] potions of hallucination a [uncursed] potion of invisibility a [blessed] potion of sleeping 2 [uncursed] potions of water a [blessed] [+1] ring of adornment Spells and supernatural/magical abilities: Name Level Category Fail Memory W - pray for help -- divine ? -- Your skills at the end: Miscellaneous Skills bare handed combat [Basic] Weapon Skills scimitar [Basic] club [Basic] sling [Basic] Spellcasting Skills Final Attributes: You were piously aligned. You were poison resistant. You were telepathic. You had infravision. You are dead. Vanquished creatures: a large dog a leprechaun an orc mummy a dingo a housecat a bugbear a fog cloud a puppy a floating eye a kitten a dwarf a kobold lord a centipede a coyote a hobbit a large kobold 4 geckos a hobgoblin 5 giant rats a brown mold a yellow mold a green mold 2 garter snakes 2 manes 4 jackals a fox 2 kobolds 4 newts a goblin a grid bug 3 lichens 49 creatures vanquished. Voluntary challenges: You did not adorn yourself with jewelry or accessories. You did not cause conflict. You were not invisible. You did not have reflection. You were not displaced. You had been an atheist until turn 2458. You used a wielded weapon 94 times, starting on turn 7. You did not apply a unicorn horn. You did not use plumbed fixtures. You did not drink any magical draughts. You were illiterate. You never genocided any monsters. You never polymorphed an object. You never changed form. You used no wishes. You never split a pudding. You never wrote Elbereth's name. You never violated your personal moral code. Dungeon overview: The Dungeons of Doom: levels 1 to 9 Level 1 some fountains a long staircase Level 2 (closed shop) Level 3 a fountain stairs to The Gnomish Mines Level 4 Level 5 (locked box) a sink Level 6 (locked box) a fountain Level 7 (throne room) a throne Level 8 a fountain Level 9 <- You were here many fountains The Gnomish Mines: Level 4 stairs to The Dungeons of Doom History has recorded: On T:1 you entered the Dungeons of Doom to retrieve the Amulet of Yendor! On T:76 you reached level 2 of The Dungeons of Doom. On T:385 you advanced to experience level 2. On T:461 you reached level 3 of The Dungeons of Doom. On T:897 you reached level 1 of The Gnomish Mines. On T:1100 you reached level 4 of The Dungeons of Doom. On T:1294 you advanced to experience level 3. On T:1577 you reached level 5 of The Dungeons of Doom. On T:1741 you reached level 6 of The Dungeons of Doom. On T:1796 you advanced to experience level 4. On T:2177 you reached level 7 of The Dungeons of Doom. On T:2424 you advanced to experience level 5. On T:2458 you prayed to Anshar. On T:2602 you reached level 8 of The Dungeons of Doom. On T:2691 you reached level 9 of The Dungeons of Doom. On T:3041 you prayed to Anshar. Score breakdown: Gold: 1293 ( 129 points) Experience: 6 levels ( 500 points) Exploration: 9 levels ( 240 points) Discoveries: 24 items ( 1200 points) Variety of kills: 31 monsters ( 1550 points) Major goal: (nothing yet) ( 0 points) Survival: died (score multiplied by 3) Total score: 10857 Latest messages: You hit the dwarf! You kill the dwarf! S - a hooded cloak. There are a few more objects here. You have a little trouble lifting T - a pick-axe. Your movements are slowed slightly because of your load. You put an unlabeled scroll into the bag called not holding. You put 2 scrolls labeled ANDOVA BEGARIN into the bag called not holding. You put a swirly potion into the bag called not holding. You put 2 emerald potions into the bag called not holding. You put an emerald potion into the bag called not holding. The door opens. The kobold lord drinks a black potion! The kobold lord seems more experienced. You stop exploring. The winter wolf cub bites! You hit the winter wolf cub! The winter wolf cub bites! (2x) You hit the winter wolf cub. The winter wolf cub bites! The kobold lord punches you! You die... Final status: Goodbye woodfighter the Cavewoman, killed by a kobold lord... You died in The Dungeons of Doom on dungeon level 9 with 10857 points, and 1293 pieces of gold, after 3307 moves. You were level 6 with a maximum of 40 hit points when you died.